 Dungeon Crawl Stone Soup version 0.29-a0-973-gac7da5f7f0 (webtiles) character file.

Game seed: 1489238415966703062

39 Sabo the Digger (level 3, -5/31 HPs)
             Began as a Troll Earth Elementalist on July 31, 2022.
             Was a Follower of Elyvilon.
             Killed from afar by Sigmund (8 damage)
             ... with a puff of flame
             ... on level 2 of the Dungeon.
             The game lasted 00:09:02 (1788 turns).

Sabo the Digger (Troll Earth Elementalist)          Turns: 1788, Time: 00:09:03

Health: -5/31      AC:  4    Str: 16    XL:     3   Next: 28%
Magic:  2/4        EV: 10    Int: 13    God:    Elyvilon [*.....]
Gold:   93         SH:  0    Dex: 10    Spells: 4/5 levels left

rFire   . . .      SeeInvis .   h - +0 mace
rCold   . . .      Faith    .   (no shield)
rNeg    . . .      Spirit   .   a - +0 robe
rPois   .          Reflect  .   (helmet restricted)
rElec   .          Harm     .   (no cloak)
rCorr   .          Rampage  .   (gloves unavailable)
Will    .....                   (boots unavailable)
Stlth   +.........              (no amulet)
HPRegen 0.90/turn               k - ring of flight
MPRegen 0.09/turn               (no ring)

@: confused, flying
A: large, unfitting armour, claws 3, regeneration 1, shaggy fur 1, tough skin 1
a: Renounce Religion, Purification


You were on level 2 of the Dungeon.
You worshipped Elyvilon.
Elyvilon was aware of your devotion.
You visited 1 branch of the dungeon, and saw 2 of its levels.

You collected 93 gold pieces.

Inventory:

Hand Weapons
 h - a +0 mace (weapon)
Missiles
 c - a poisoned dart (quivered)
Armour
 a - a +0 robe (worn)
Jewellery
 k - a ring of flight (left claw)
Scrolls
 d - a scroll of teleportation
 e - a scroll of identify {unknown}
 g - a scroll of immolation {unknown}
 i - a scroll of blinking {unknown}
 l - a scroll of amnesia {unknown}
 m - a scroll of brand weapon {unknown}
Potions
 b - a potion of magic
 f - a potion of haste {unknown}
 j - a potion of flight {unknown}
 n - a potion of resistance {unknown}


   Skills:
 + Level 1.8 Dodging
 + Level 1.0 Stealth
 + Level 0.2 Unarmed Combat
 + Level 1.5 Spellcasting
 + Level 0.8 Transmutations
 + Level 3.4 Earth Magic


You had 4 spell levels left.
You knew the following spells:

 Your Spells              Type           Power      Damage    Failure   Level
a - Sandblast             Erth           18%        2d7       6%          1

Your spell library contained the following spells:

 Spells                   Type           Power      Damage    Failure   Level
 Passwall                 Tmut/Erth      5%         N/A       17%         2
 Stone Arrow              Conj/Erth      10%        3d7       36%         3
 Petrify                  Tmut/Erth      6%         N/A       73%         4


Dungeon Overview and Level Annotations

Branches:
Dungeon (2/15)

Altars:
Elyvilon

Annotations:
D:2 Sigmund


Innate Abilities, Weirdness & Mutations

You are too large for most types of armour.
You have claws for hands.
Your natural rate of healing is unusually fast.
You are covered in fur. (AC +1)
You have tough skin. (AC +1)


Message History

You hear some strange, mumbled words.
You are confused.
Something hits you.
You bump into the rock wall.
Something hits you.
You bump into the rock wall.
You hear a zap.
A puff of flame appears from out of thin air!
The puff of flame hits you!
* * * LOW HITPOINT WARNING * * *
You bump into the rock wall.
You feel less confused. Something hits you.
* * * LOW HITPOINT WARNING * * *
You hear a zap.
A puff of flame appears from out of thin air!
The puff of flame hits you. Elyvilon protects you from harm!
Casting: Sandblast (safe; 6% risk of failure)
Confirm with . or Enter, or press ? or * to list all spells.
You can't see any susceptible monsters within range! (Use Z to cast anyway.) Throw: 2 darts (poison)
Press: ? - help, Q - select action, (/) - cycle Shift-Dir - straight line You throw a poisoned dart.
You hear a zap.
A puff of flame appears from out of thin air!
The puff of flame hits you.
* * * LOW HITPOINT WARNING * * *
You are confused.
You see here a poisoned dart.
You are more confused.
You bump into the rock wall.
You hear a zap.
A puff of flame appears from out of thin air!
The puff of flame hits you!
* * * LOW HITPOINT WARNING * * *
You bump into the rock wall.
You hear a zap.
A puff of flame appears from out of thin air!
The puff of flame hits you!
You die...

########
#......# ###
#.####.# ..#
#..# #.# #.#
..##.# #.#
#.# #.##.#
#.# #.#
###.##.# #.#
#.# #.#.##.#
#.# #@#
#.#.##.# #.#
#.# #.#.##.#
#.# #(#
#.#'##.#
#.###.######
#....#.#
#.#(.......#
#....#.#
#.#.#{####.#
#...['_#
#.#.#.# #.#
#....###
#.#.#.# #.#
#....#
#.#(#(####.#


There were no monsters in sight!

Vanquished Creatures
  An adder (D:2)
  A dart slug (D:1)
  3 ball pythons (D:1)
  3 endoplasms
  5 goblins
  3 hobgoblins (D:1)
  3 jackals (D:1)
  3 bats (D:1)
  2 frilled lizards (D:1)
  2 rats
26 creatures vanquished.

Notes
Turn   | Place    | Note
-------+----------+-------------------------------------------
     0 | D:1      | Sabo the Troll Earth Elementalist began the quest for the
                  | Orb.
     0 | D:1      | Reached XP level 1. HP: 16/16 MP: 1/1
    50 | D:1      | Reached skill level 3 in Earth Magic
   115 | D:1      | Reached XP level 2. HP: 7/24 MP: 0/2
   122 | D:1      | HP: 1/24 [poisoned by a hobgoblin]
  1517 | D:2      | Reached XP level 3. HP: 28/31 MP: 4/4
  1652 | D:2      | Found a faded altar of an unknown god.
  1655 | D:2      | Prayed at the altar of an unknown god.
  1655 | D:2      | Became a worshipper of Elyvilon the Healer
  1655 | D:2      | Reached * piety under Elyvilon
  1746 | D:2      | Noticed Sigmund
  1762 | D:2      | Elyvilon protects you from harm!
  1778 | D:2      | Elyvilon protects you from harm!
  1788 | D:2      | Killed from afar by Sigmund

Illustrated notes

Levels and vault maps discovered:
D:1:      lightli_arrival_statue_moat, layout_loops_cross, hex_medium,
          minmay_stone_trees_medium, minmay_stone_trees_small
D:2:      layout_basic, basic_ecumenical_altar, serial_shops,
          nicolae_shop_waterfront, chequers_arboretum, uniq_sigmund

Skill      XL: |  1 |
---------------+----+-----
Earth Magic    | 3 |  3.4
Dodging        | |  1.8
Stealth        | |  1.0
Unarmed Combat | |  0.2
Spellcasting   | |  1.5
Transmutations | |  0.8

Action                   || total
-------------------------++-------
Melee: Unarmed           ||    11
       Dagger            ||    10
       Mace              ||    11
       Punch             ||     2
Throw: Dart              ||     4
 Cast: Sandblast         ||    24
  Use: Scroll            ||     1
 Stab: Sleeping          ||     1
Armor: Robe              ||    16
Dodge: Dodged            ||    25

Table legend: (Time is in decaauts)
 A = Elapsed time spent in this place.
 B = Non-inter-level travel time spent in this place.
 C = Inter-level travel time spent in this place.
 D = Time resting spent in this place.
 E = Time spent auto-exploring this place.
 F = Levels seen in this place.
 G = Mean time per level.
                   A        B        C        D        E       F      G
               +--------+--------+--------+--------+--------+-----+--------+
         Total |   1814 |   1814 |      0 |    672 |      0 |   2 |  907.0 |
       Dungeon |   1814 |   1814 |      0 |    672 |      0 |   2 |  907.0 |
               +--------+--------+--------+--------+--------+-----+--------+

Top non-repeatable levels by time:
     D:1: 1502 daAuts
     D:2: 312 daAuts
